 Dungeon Crawl Stone Soup version 0.19-a0-936-gcfeccc4 (webtiles) character file.

595005 AlphabetPasta the Grand Gadgeteer (level 27, -4/182 HPs)
             Began as a Kobold Artificer on July 4, 2016.
             Was the Champion of Pakellas.
             Slain by an Orb Guardian (24 damage)
             ... on level 5 of the Realm of Zot on July 7, 2016.
             The game lasted 10:10:43 (68522 turns).

AlphabetPasta the Grand Gadgeteer (KoAr)           Turns: 68522, Time: 10:10:44

Health: -4/182     AC: 14    Str: 14    XL:     27
Magic:  12/36      EV: 18    Int: 10    God:    Pakellas [******]
Gold:   4839       SH:  0    Dex: 21    Spells: 3 memorised, 29 levels left

rFire  + . .     SeeInvis +     e - +10 supercharged rod of clouds (11/18)
rCold  + . .     Gourm    .     S - +2 robe {rC+ rF+}
rNeg   . . .     Faith    .     B - +2 buckler {rPois}
rPois  +         Spirit   .     h - +1 helmet of Tender Moments {rElec Slay+3}
rElec  +         Dismiss  .     f - +2 cloak {MR+}
rCorr  .         Reflect  .     u - +2 pair of gloves of the Swamp {Regen+ Int+2}
SustAt .         Harm     .     s - +2 pair of boots
MR     +++..                    g - amulet of regeneration
Stlth  ++++++++++               m - ring of see invisible
                                d - +3 ring of slaying

@: about to teleport, petrifying, very slightly contaminated, repel missiles,
very slow, extremely resistant to hostile enchantments, uncannily stealthy
A: carnivore 3, clumsy 2, deformed body, dopey 1, low mp 1, regeneration 1
a: Quick Charge, Device Surge, Renounce Religion
}: 3/15 runes: barnacled, abyssal, gossamer


You were on level 5 of the Realm of Zot.
You worshipped Pakellas.
Pakellas was exalted by your worship.
You were very full.

You visited 10 branches of the dungeon, and saw 49 of its levels.
You visited the Abyss 1 time.
You visited 1 bazaar.
You also visited: Volcano.

You collected 7288 gold pieces.
You spent 2449 gold pieces at shops.

Inventory:

Hand Weapons
 a - a +9 quick blade of draining
Armour
 f - a +2 cloak of magic resistance (worn)
 h - the +1 helmet of Tender Moments (worn) {rElec Slay+3}
   (You took it off Robin on level 3 of the Dungeon)

   It affects your accuracy and damage with ranged weapons and melee attacks
   (+3).
   It insulates you from electricity.
 s - a +2 pair of boots (worn)
 u - the +2 pair of gloves of the Swamp (worn) {Regen+ Int+2}
   (You took it off Nikola on level 1 of the Vaults)

   It affects your intelligence (+2).
   It increases your rate of regeneration.
 B - a +2 buckler of poison resistance (worn)
 S - a +2 robe of resistance (worn)
Rods
 e - a +10 supercharged rod of clouds (11/18) (in hand)
   (You bought it in a shop on level 2 of the Orcish Mines)
 r - a +5 rod of ignition (13/13)
   (You found it on level 4 of the Shoals)
 K - a +9 lightning rod (17/17)
   (Pakellas gifted it to you on level 10 of the Dungeon)
 P - a +6 iron rod (9/15)
   (You found it on level 11 of the Dungeon)
Jewellery
 d - a +3 ring of slaying (left hand)
 g - an amulet of regeneration (around neck)
 m - a ring of see invisible (right hand)
 w - an uncursed ring of protection from magic
 E - the ring "Cocash" {rF+ rN+}
   (You took it off a vault sentinel on level 4 of the Vaults)

   [ring of positive energy]

   It protects you from fire.
   It protects you from negative energy.
 L - the ring of Nitopn {rCorr Dex+3}
   (You found it on level 6 of the Lair of Beasts)

   [ring of resist corrosion]

   It affects your dexterity (+3).
Wands
 c - a wand of flame (45/48)
 F - a wand of heal wounds (0/9)
 H - a wand of digging (12/24)
 I - a wand of iceblast (8/15)
 N - a wand of paralysis (22/24)
 R - a wand of disintegration (16/24)
 U - a wand of acid (9/15)
 Y - a wand of hasting (6/9)
Scrolls
 b - 27 scrolls of remove curse
 t - a scroll of blinking
 v - 11 scrolls of teleportation
 y - 14 scrolls of identify
 J - 7 scrolls of magic mapping
 X - 3 scrolls of holy word
 Z - 4 scrolls of fear
Potions
 i - 21 potions of curing
 j - 3 potions of cure mutation
 k - 2 potions of flight
 l - a potion of cancellation
 x - 3 potions of might
 z - 59 potions of magic
 O - a potion of resistance
 Q - 3 potions of ambrosia
Miscellaneous
 p - a lamp of fire
 A - a phial of floods
 C - 2 boxes of beasts
 T - a disc of storms
Comestibles
 n - 8 slices of pizza
 q - 19 meat rations
 D - 14 beef jerkies
 G - 6 chunks of flesh
 M - 12 royal jellies


   Skills:
 + Level 21.2 Fighting
 - Level 19.1 Short Blades
 - Level 3.4 Armour
 + Level 23.0 Dodging
 + Level 24.6 Stealth
 - Level 10.3 Shields
 - Level 4.1 Spellcasting
 - Level 4.0 Charms
 - Level 6.6 Translocations
 - Level 7.0 Air Magic
 O Level 27 Evocations


You had 29 spell levels left.
You knew the following spells:

 Your Spells              Type           Power        Failure   Level  Hunger
a - Apportation           Tloc           ###.......   1%          1    #......
b - Blink                 Tloc           N/A          2%          2    ##.....
c - Repel Missiles        Chrm/Air       ##....       4%          2    ##.....


Dungeon Overview and Level Annotations

Branches:
Dungeon (15/15)            Temple (1/1) D:5            Lair (6/6) D:11
 Shoals (4/4) Lair:3       Spider (4/4) Lair:3        Slime (0/5) Lair:6
    Orc (2/2) D:10            Elf (3/3) Orc:2        Vaults (4/5) D:14
  Crypt (0/3) Vaults:2     Depths (5/5) D:15            Zot (5/5) Depths:5

Altars:
Cheibriados
Dithmenos
Elyvilon
Hepliaklqana
Kikubaaqudgha
Makhleb
Okawaru
Pakellas
Qazlal
Ru
Sif Muna
Trog
Vehumet
Yredelemnul
Zin
The Shining One
Jiyva

Shops:
D:2 }   D:4 %   D:9 :   D:15 [   Orc:1 :   Orc:2 *(?(}   Shoals:1 [
Shoals:2 %?   Vaults:3 *   Vaults:4 !   Depths:1 [   Depths:3 }

Portals:
Hell: Depths:1 Depths:2 Depths:3 Depths:4 Depths:5
Abyss: Depths:4
Pandemonium: Depths:3 Depths:4
Ziggurat: Depths:4

Annotations:
D:6 exclusion: statue
Lair:2 exclusion: 2 oklob plants
Lair:6 1 runed door
Depths:4 exclusion: orange crystal statue


Innate Abilities, Weirdness & Mutations

You are small and have problems with some larger weapons.
You are carnivorous and can eat meat at any time.
You are very clumsy. (Dex -4)
Armour fits poorly on your strangely shaped body.
You are dopey. (Int -2)
Your magical capacity is low. (-10% MP)
Your natural rate of healing is unusually fast.


Message History

* * * LOW HITPOINT WARNING * * *
The mottled draconian spits sticky flame at you.
The splash of liquid fire misses you.
The splash of liquid fire misses the red draconian shifter.
The splash of liquid fire hits the Orb Guardian.
The Orb Guardian is covered in liquid flames!
The sticky flame splashes onto the Orb Guardian!
The Orb Guardian is covered in liquid flames!
The sticky flame splashes onto the red draconian scorcher!
The red draconian scorcher is covered in liquid flames!
The purple draconian monk misses you. x2
The purple draconian monk tail-slaps you but does no damage.
You hear a loud "Zot"!
The Orb Guardian hits you!
* * * LOW HITPOINT WARNING * * *
The electric golem blinks!
The red draconian scorcher hits you but does no damage.
The Orb Guardian hits you!!!
You die...
Pakellas says: Time to find a new assistant...

......................▓*
▓..............[..8....▓*
▓............D..........**
▓.......^...........§...,*
#............d(§........,*
##......^..q.dqd.d......**
##▓...^..d§%XXdqq.....▓*
▓▓▓▓....XXdLq*qp...▓*
#▓▓▓▓▓▓▓▓▓#▓##@q...▓▓
###%.^........(XXd....#*
#....##..........X...(.#*
...###,,,...............**
..##*,,,,...............,*
.## *,,,,.......q.......,*
.# *,,,,.....d...[.....,*
## *,,,,.....qdd.q.....,*
# *,,,,,,,,,,,,,,,,,,,,*


You could see an orb of fire, a Killer Klown, an electric golem, a tentacled
monstrosity, 3 draconians, 2 draconians, an ancient lich, a black draconian, 4
draconians, 2 draconians, a green draconian, 2 draconians, a white draconian
(wandering), a red draconian shifter, an ice dragon, 6 Orb Guardians, 2
draconians, a yellow draconian annihilator (wandering) and a red draconian
scorcher (burning).

Vanquished Creatures
  Mara (Depths:1)
  An orb of fire (Zot:1)
  2 juggernauts
  Sojobo (Depths:2)
  Bai Suzhen (Depths:1)
  3 caustic shrikes
  2 Killer Klowns
  7 golden dragons
  Nikola (Vaults:1)
  the Enchantress (Depths:2)
  Arachne (Spider:4)
  4 liches
  2 electric golems
  Jorgrun (Spider:2)
  10 Orb Guardians (Zot:5)
  6 tentacled monstrosities
  A titan (Depths:5)
  A quicksilver dragon (Depths:4)
  3 deep elf blademasters
  4 deep elf master archers (Elf:3)
  A kraken (Shoals:4)
  5 death cobs
  7 sphinxes
  3 storm dragons
  5 tengu reavers
  3 shadow dragons
  A draconian monk (Zot:2)
  Ilsuiw (Shoals:4)
  3 iron dragons
  8 deep elf sorcerers
  9 ghost moths
  6 deep elf elementalists
  16 frost giants
  10 fire giants
  7 vault wardens
  4 emperor scorpions
  3 draconian scorchers
  Aizul (Spider:2)
  4 draconian zealots
  16 ironheart preservers
  Louise (D:14)
  14 very ugly things
  3 draconian shifters
  26 stone giants
  A juggernaut skeleton (D:15)
  A draconian caller (Zot:2)
  6 spriggan defenders
  6 caustic shrike skeletons (Depths:2)
  6 draconian annihilators
  3 vampire knights
  9 green draconians
  Nessos (Orc:2)
  3 entropy weavers
  2 starcursed masses
  8 deep elf demonologists
  9 red draconians
  6 deep elf annihilators
  2 black draconians
  6 mottled draconians
  A dire elephant (Depths:2)
  5 white draconians
  3 yellow draconians
  12 spark wasps
  5 purple draconians
  8 merfolk javelineers
  18 fire dragons
  16 ettins
  7 merfolk impalers
  7 deep elf death magi
  15 ogre magi
  7 great orbs of eyes
  A jiangshi (Vaults:2)
  6 deep elf high priests (Elf:3)
  10 vault guards
  9 rakshasas
  7 yaktaur captains
  Fannar (D:11)
  19 ice dragons
  7 hydras
  4 spriggan air magi
  3 catoblepae (Lair:6)
  Erica (D:8)
  3 merfolk aquamancers
  28 dancing weapons
  3 death knights
  A queen ant (Spider:3)
  18 death yaks
  7 tengu warriors
  4 satyrs
  19 deep troll earth magi
  6 centaur warriors
  4 thrashing horrors (Abyss:3)
  2 vampire magi
  5 small abominations
  2 orc high priests
  9 spriggan berserkers
  7 deep troll shamans
  A sun demon (Depths:3)
  Sonja (Lair:3)
  5 iron trolls
  3 wretched stars
  15 deep elf knights
  A fire crab (shapeshifter) (Vaults:2)
  A fire crab (Vaults:1)
  A hell knight (Vaults:2)
  12 sea snakes
  An unseen horror (shapeshifter) (Vaults:2)
  A spatial maelstrom (Abyss:2)
  4 unseen horrors
  A shadow demon (Depths:3)
  37 deep trolls
  7 spriggan druids (Depths:2)
  9 skeletal warriors
  A death drake (shapeshifter) (Vaults:3)
  9 deep elf archers
  A flayed ghost (Depths:4)
  4 giant orange brains
  2 shadow dragon zombies (D:15)
  16 ironbrand convokers
  13 hill giants
  12 harpies
  3 necromancers
  8 orc knights
  A harpy (shapeshifter) (Vaults:1)
  An obsidian statue (D:15)
  A lindwurm (Lair:3)
  A wolf spider zombie (D:15)
  46 deep elf magi
  4 wizards
  2 phantasmal warriors
  55 ugly things
  16 griffons
  25 orb spiders
  16 fauns
  A hornet (shapeshifter) (Vaults:2)
  An orc sorcerer (Elf:1)
  3 hornets
  7 manticores
  A worldbinder (Abyss:2)
  20 wolf spiders
  17 elephants
  18 cyclopes
  2 black mambas
  10 sirens
  3 torpor snails
  2 rust devils (Depths:3)
  20 moths of wrath
  5 centaur zombies
  2 smoke demons (Abyss:3)
  4 water nymphs
  Psyche (D:11)
  Joseph (D:8)
  19 vault sentinels
  An orange demon (Abyss:2)
  3 gargoyles
  5 kobold demonologists
  10 spiny frogs
  5 freezing wraiths
  8 komodo dragons
  31 yaktaurs
  2 rime drakes (Lair:4)
  A hellion (Abyss:3)
  2 efreet
  15 demonic crawlers
  2 tengu conjurers
  27 merfolk
  A queen bee (Abyss:3)
  2 queen bees (shapeshifter)
  14 trolls
  42 two-headed ogres
  35 jumping spiders
  5 wind drakes
  25 blink frogs
  Grinder (D:3)
  A wind drake (shapeshifter) (Depths:2)
  8 snapping turtles
  A boulder beetle (shapeshifter) (Depths:2)
  10 raiju (Abyss:3)
  6 boulder beetles
  An ice dragon zombie (D:15)
  19 slime creatures
  A flying skull (Abyss:3)
  5 air elementals
  A meliai zombie (D:11)
  Sigmund (D:5)
  42 spriggans
  56 redbacks
  2 yaks (shapeshifter)
  8 water elementals
  31 orc warriors
  4 wraiths
  57 yaks
  A ynoxinul (Abyss:3)
  3 wyverns
  2 vampires
  32 tarantellas
  Eustachio (D:5)
  A golden eye (shapeshifter) (Depths:1)
  3 hungry ghosts
  2 fire elementals
  A golden eye (Abyss:1)
  3 basilisks
  11 hippogriffs
  3 hogs (Volcano)
  3 steam dragons
  A chaos spawn (Depths:3)
  17 vampire mosquitoes
  A basilisk (shapeshifter) (Vaults:3)
  A soldier ant (shapeshifter) (Vaults:4)
  Menkaure (D:5)
  4 large abominations
  7 wargs
  2 mottled dragons
  17 water moccasins
  6 porcupines
  22 soldier ants (Spider:3)
  A giant eyeball (shapeshifter) (D:14)
  2 hell hounds (D:11)
  An ettin simulacrum (Vaults:2)
  5 eyes of draining
  An ice beast (D:7)
  5 sky beasts
  22 wasps
  A black bear (D:9)
  71 ogres
  14 boggarts
  6 wolves (Lair:3)
  23 centaurs
  7 crocodiles
  15 big kobolds
  15 giant frogs
  2 gnoll sergeants
  3 earth elementals
  4 scorpions
  A wyvern skeleton (D:10)
  A water moccasin skeleton (D:5)
  13 killer bees
  A human simulacrum (Vaults:1)
  5 electric eels
  3 howler monkeys
  11 crimson imps
  2 giant frog zombies
  3 centaur skeletons
  11 orc priests
  4 hounds
  9 orc wizards
  11 jellies
  An iron imp (D:9)
  2 giant frog skeletons
  Natasha (thrice) (D:2 D:4)
  9 iguanas
  A hell rat (D:5)
  30 worker ants
  13 sheep
  A hound skeleton (D:5)
  A worker ant zombie (D:11)
  10 gnolls
  10 adders
  49 river rats
  3 shadow imps
  3 white imps
  An ufetubus (Abyss:2)
  6 oozes
  A dart slug (D:2)
  6 giant geckos
  57 orcs
  2 ball pythons (D:1)
  7 giant cockroaches
  5 goblins
  13 hobgoblins
  14 jackals
  4 quokkas
  2 bats
  6 giant newts
  A goblin skeleton (D:9)
  2 goblin zombies (D:9)
  2 hobgoblin zombies (D:9)
  2 jackal skeletons
  26 kobolds
  A kobold skeleton (D:9)
  A kobold zombie (D:9)
  2 orc skeletons (D:9)
  3 orc zombies (D:9)
  12 rats
  A butterfly (Lair:3)
  A fungus (Shoals:3)
  9 plants
  3 tentacles (Shoals:4)
2278 creatures vanquished.

Vanquished Creatures (collateral kills)
  Pikel (D:8)
  A wolf spider (Spider:1)
  An elephant (shapeshifter) (Depths:1)
  A slave (D:8)
  A crimson imp (D:5)
  Robin (D:3)
  3 gnolls
  An adder (D:3)
  A dart slug (D:3)
  3 orcs
  4 goblins (D:3)
  2 hobgoblins (D:3)
  A quokka (D:3)
  A rat (D:3)
22 creatures vanquished.

Vanquished Creatures (others)
  A tengu reaver (Depths:5)
  A draconian scorcher (Zot:2)
  A deep elf high priest (Elf:3)
  A spriggan air mage (Depths:2)
  A deep troll shaman (Vaults:1)
  A tengu warrior (Depths:2)
  A spriggan berserker (Depths:2)
  A wretched star (Abyss:3)
  2 sea snakes (Shoals:4)
  A faun (Shoals:4)
  A wolf spider (Spider:1)
  A moth of wrath (Zot:5)
  A water nymph (Shoals:4)
  2 sirens (Shoals:4)
  2 merfolk (Shoals:4)
  A two-headed ogre (Vaults:1)
  2 snapping turtles (Shoals:4)
  A redback (Spider:2)
  A water elemental (Elf:1)
  3 slaves (D:8)
  3 ogres (Vaults:1)
  A giant frog (D:6)
  A killer bee (Abyss:3)
  A centaur skeleton (D:8)
  2 worker ants
  A hound zombie (D:8)
  A gnoll (D:2)
  A giant cockroach (D:2)
  A goblin (D:3)
  2 bushes
  19 fungi
  28 plants
  A tentacle (Shoals:4)
  33 tentacle segments (Shoals:4)
121 creatures vanquished.

Grand Total: 2421 creatures vanquished

Notes
Turn   | Place    | Note
-------+----------+-------------------------------------------
     0 | D:1      | AlphabetPasta the Kobold Artificer began the quest for the Orb.
     0 | D:1      | Reached XP level 1. HP: 12/12 MP: 3/3
   107 | D:1      | Reached XP level 2. HP: 3/16 MP: 4/4
   661 | D:1      | Reached skill level 4 in Evocations
   681 | D:1      | Reached XP level 3. HP: 12/20 MP: 6/6
  1777 | D:2      | Found a stormy altar of Qazlal.
  1861 | D:2      | Found an iron altar of Okawaru.
  1903 | D:2      | Noticed Natasha
  1904 | D:2      | Killed Natasha
  1904 | D:2      | Reached XP level 4. HP: 26/26 MP: 7/7
  2440 | D:1      | Reached XP level 5. HP: 8/30 MP: 8/8
  2686 | D:2      | Found a white marble altar of Elyvilon.
  2870 | D:2      | Found an ancient bone altar of Kikubaaqudgha.
  3014 | D:2      | Found a deep blue altar of Sif Muna.
  3056 | D:2      | Found an oddly glowing altar of Pakellas.
  3056 | D:2      | Found Pakellas's Prime Provisions.
  3061 | D:2      | Became a worshipper of Pakellas the Inventive
  3140 | D:2      | Found a snail-covered altar of Cheibriados.
  3326 | D:3      | Found a shadowy altar of Dithmenos.
  3447 | D:3      | Noticed Grinder
  3559 | D:2      | Reached skill level 5 in Evocations
  3718 | D:2      | Noticed a wyvern
  3718 | D:2      | a worm changed into a wyvern
  3738 | D:3      | Noticed Robin
  3741 | D:3      | Killed Robin
  3741 | D:3      | Reached XP level 6. HP: 32/36 MP: 9/9
  3744 | D:3      | Reached * piety under Pakellas
  3744 | D:3      | Received a gift from Pakellas
  3798 | D:3      | Got a spiked helmet
  3815 | D:3      | Identified the +1 helmet of Tender Moments {rElec Slay+3} (You took it off Robin on level 3 of the Dungeon)
  3858 | D:3      | Paralysed by Grinder for 3 turns
  3873 | D:3      | Paralysed by Grinder for 4 turns
  3888 | D:3      | Killed Grinder
  3888 | D:3      | Reached XP level 7. HP: 38/41 MP: 9/11
  4323 | D:4      | Noticed Natasha
  4329 | D:4      | Killed Natasha
  4364 | D:4      | Reached skill level 6 in Evocations
  4414 | D:4      | Noticed Natasha
  4432 | D:4      | Killed Natasha
  4449 | D:4      | Found Lafa's Food Boutique.
  4854 | D:4      | Reached ** piety under Pakellas
  4854 | D:4      | Received a gift from Pakellas
  4918 | D:4      | Reached XP level 8. HP: 30/48 MP: 12/12
  5317 | D:4      | Reached skill level 5 in Stealth
  5383 | D:5      | Entered Level 5 of the Dungeon
  5417 | D:5      | Noticed Sigmund
  5430 | D:5      | Reached skill level 5 in Short Blades
  5439 | D:5      | Killed Sigmund
  5439 | D:5      | Reached skill level 5 in Dodging
  5439 | D:5      | Reached skill level 7 in Evocations
  5514 | D:5      | Learned a level 1 spell: Apportation
  5517 | D:5      | Learned a level 2 spell: Blink
  5546 | D:5      | Noticed Menkaure
  5548 | D:5      | Killed Menkaure
  5999 | D:5      | Found a staircase to the Ecumenical Temple.
  6016 | Temple   | Entered the Ecumenical Temple
  6049 | D:5      | Reached XP level 9. HP: 52/53 MP: 9/14
  6051 | D:5      | Reached skill level 5 in Fighting
  6130 | D:5      | Noticed Eustachio
  6156 | D:5      | Killed Eustachio
  6484 | D:6      | Reached skill level 8 in Evocations
  6538 | D:6      | Got a silken robe
  6549 | D:6      | Identified the +1 robe of the King {MR+} (You found it on level 6 of the Dungeon)
  6654 | D:6      | Found a radiant altar of Vehumet.
  6717 | D:6      | Reached skill level 1 in Translocations
  6741 | D:6      | Reached *** piety under Pakellas
  6741 | D:6      | Received a gift from Pakellas
  7986 | D:7      | Found an iron altar of Okawaru.
  8031 | D:7      | Reached skill level 9 in Evocations
  8036 | D:7      | Reached XP level 10. HP: 60/60 MP: 5/16
  8191 | D:7      | Found a basalt altar of Yredelemnul.
  8196 | D:7      | Found a glowing golden altar of the Shining One.
  8198 | D:7      | Noticed an angel
  8268 | D:7      | Found a sacrificial altar of Ru.
  8807 | D:8      | Noticed Pikel
  8829 | D:8      | Killed Pikel
  8985 | D:5      | Learned a level 1 spell: Apportation
  9426 | D:8      | Noticed Joseph
  9433 | D:8      | Killed Joseph
  9433 | D:8      | Reached skill level 10 in Evocations
  9534 | D:8      | Found a burning altar of Makhleb.
  9847 | D:8      | Noticed Erica
  9887 | D:8      | Killed Erica
 10313 | D:9      | Found Lirghal's Book Emporium.
 10381 | D:9      | Found a glowing golden altar of the Shining One.
 10388 | D:9      | Reached **** piety under Pakellas
 10388 | D:9      | Received a gift from Pakellas
 10512 | D:9      | Reached XP level 11. HP: 44/66 MP: 18/18
 11123 | D:10     | Entered Level 10 of the Dungeon
 11161 | D:10     | Reached skill level 10 in Short Blades
 11161 | D:10     | Reached skill level 10 in Stealth
 11161 | D:10     | Reached skill level 12 in Evocations
 11161 | D:10     | Reached XP level 12. HP: 72/72 MP: 7/21
 11162 | D:10     | Reached skill level 13 in Evocations
 11162 | D:10     | Reached XP level 13. HP: 76/76 MP: 7/23
 11163 | D:10     | Reached skill level 5 in Shields
 11163 | D:10     | Reached skill level 14 in Evocations
 11163 | D:10     | Reached XP level 14. HP: 83/83 MP: 7/24
 11479 | D:10     | Reached ***** piety under Pakellas
 11479 | D:10     | Received a gift from Pakellas
 11804 | D:10     | Found a staircase to the Orcish Mines.
 12227 | D:11     | Reached skill level 10 in Dodging
 12325 | D:11     | Reached skill level 5 in Translocations
 12501 | D:11     | Found a staircase to the Lair.
 12514 | D:11     | Reached skill level 15 in Evocations
 12659 | D:11     | Noticed Fannar
 12679 | D:11     | Killed Fannar
 12945 | D:11     | Noticed Psyche
 12966 | D:11     | Killed Psyche
 13293 | D:11     | Found an iron altar of Okawaru.
 13302 | D:11     | Reached skill level 16 in Evocations
 13302 | D:11     | Reached XP level 15. HP: 89/89 MP: 25/27
 13977 | D:12     | Found an oddly glowing altar of Pakellas.
 14621 | Lair:1   | Entered Level 1 of the Lair of Beasts
 14815 | Lair:1   | Identified the Almanac of the Traveller
 14954 | Lair:1   | Reached ****** piety under Pakellas
 16613 | Lair:3   | Noticed Sonja
 16651 | Lair:3   | Reached XP level 16. HP: 86/96 MP: 14/28
 17042 | Lair:3   | Killed Sonja
 17122 | Lair:3   | Identified a scroll of acquirement
 17172 | Lair:3   | Found a hole to the Spider Nest.
 17262 | Lair:3   | You fall through a shaft!
 17299 | Lair:3   | Found a staircase to the Shoals.
 18550 | Lair:5   | Reached skill level 17 in Evocations
 18647 | Lair:5   | Reached skill level 10 in Fighting
 19284 | Lair:6   | Entered Level 6 of the Lair of Beasts
 19472 | Lair:6   | Found a dark tunnel.
 19495 | Lair:6   | Found a runed door.
 19571 | Volcano  | Entered a volcano
 20031 | Lair:6   | Found a viscous altar of Jiyva.
 20031 | Lair:6   | Noticed an acid blob
 20032 | Lair:6   | Found a staircase to the Slime Pits.
 20033 | Lair:6   | Noticed an acid blob
 20232 | Lair:6   | Reached skill level 15 in Stealth
 21039 | Lair:6   | Reached XP level 17. HP: 103/103 MP: 29/29
 21325 | Lair:6   | Reached skill level 18 in Evocations
 21603 | Lair:6   | Got a scintillating golden ring
 21607 | Lair:6   | Identified the ring of Nitopn {rCorr Dex+3} (You found it on level 6 of the Lair of Beasts)
 22240 | Orc:1    | Entered Level 1 of the Orcish Mines
 22394 | Orc:2    | Entered Level 2 of the Orcish Mines
 22489 | Orc:2    | Noticed Nessos
 22496 | Orc:2    | Killed Nessos
 23028 | Orc:1    | Found Ibbygas's Book Shoppe.
 23202 | Orc:2    | Found Tokafiz's General Store.
 23202 | Orc:2    | Found Roril's Antique Weapon Boutique.
 23317 | Orc:2    | Found Mutip's Magic Scroll Boutique.
 23317 | Orc:2    | Found Nonoh's Weapon Emporium.
 23367 | Orc:2    | Found a staircase to the Elven Halls.
 23369 | Orc:2    | Found Cayd's Gadget Shop.
 23445 | Orc:2    | Bought a scroll of identify for 32 gold pieces
 23446 | Orc:2    | Bought a scroll of identify for 28 gold pieces
 23446 | Orc:2    | Bought a scroll of torment for 105 gold pieces
 23446 | Orc:2    | Bought a scroll of identify for 28 gold pieces
 23446 | Orc:2    | Bought a scroll of identify for 28 gold pieces
 24116 | D:13     | You fall through a shaft for 2 floors!
 24116 | D:15     | Entered Level 15 of the Dungeon
 24669 | D:14     | Noticed Louise
 24721 | D:14     | Killed Louise
 24721 | D:14     | Reached skill level 15 in Short Blades
 25070 | D:14     | Found a gate to the Vaults.
 25881 | D:15     | Found a staircase to the Depths.
 25916 | D:15     | Reached skill level 19 in Evocations
 26819 | D:15     | Reached XP level 18. HP: 110/110 MP: 28/31
 26959 | D:15     | Found Yrioqeyxt's Armour Shoppe.
 27174 | D:15     | Learned a level 2 spell: Repel Missiles
 27615 | Spider:1 | Entered Level 1 of the Spider Nest
 27812 | Spider:1 | Upgraded the game from 0.19-a0-904-ga29959e to 0.19-a0-922-gae50766
 27899 | Spider:1 | Reached skill level 1 in Charms
 28048 | Spider:1 | You fall through a shaft!
 28048 | Spider:2 | Noticed Jorgrun
 28051 | Spider:2 | Killed Jorgrun
 28051 | Spider:2 | Reached skill level 1 in Air Magic
 28455 | Spider:1 | HP: 3/112 [entropy weaver (15)]
 28511 | Spider:1 | HP: 5/112 [poisoned by a redback]
 28518 | Spider:1 | HP: 5/112 [poisoned by a redback]
 29334 | Spider:2 | Noticed Aizul
 29445 | Spider:2 | Killed Aizul
 31223 | Spider:3 | Reached skill level 20 in Evocations
 32979 | Spider:3 | Reached XP level 19. HP: 97/118 MP: 33/33
 33749 | Orc:2    | Bought a +2 rod of clouds (10/10) for 1530 gold pieces
 33749 | Orc:2    | Identified a +10 supercharged rod of clouds (18/18) (supercharged by Pakellas)
 34053 | Spider:3 | Upgraded the game from 0.19-a0-922-gae50766 to 0.19-a0-926-g4486784
 34054 | Spider:4 | Entered Level 4 of the Spider Nest
 35537 | Spider:4 | Noticed Arachne
 35870 | Spider:4 | Killed Arachne
 36519 | Spider:4 | Got a gossamer rune of Zot
 36632 | Spider:4 | Reached skill level 1 in Spellcasting
 36708 | Spider:1 | Reached skill level 21 in Evocations
 36949 | Vaults:1 | Entered Level 1 of the Vaults
 37005 | Vaults:1 | Noticed Nikola
 37028 | Vaults:1 | Killed Nikola
 37046 | Vaults:1 | Got a pair of ancient gloves
 37047 | Vaults:1 | Identified the +2 pair of gloves of the Swamp {Regen+ Int+2} (You took it off Nikola on level 1 of the Vaults)
 37907 | Vaults:1 | Reached XP level 20. HP: 125/125 MP: 22/34
 39250 | Vaults:2 | Reached skill level 15 in Dodging
 39593 | Vaults:2 | Reached skill level 22 in Evocations
 40317 | Vaults:2 | Reached skill level 5 in Air Magic
 40325 | Vaults:2 | Reached XP level 21. HP: 110/132 MP: 36/36
 40923 | Vaults:2 | Found a staircase to the Crypt.
 41875 | Vaults:3 | Noticed a lich
 41901 | Vaults:3 | Killed a lich
 41984 | Vaults:3 | Found Beschull's General Store.
 42218 | Vaults:3 | Bought a potion of curing for 54 gold pieces
 42954 | Vaults:4 | Reached skill level 23 in Evocations
 43063 | Vaults:4 | Found Hopputum's Distillery.
 43079 | Vaults:4 | Bought a potion of curing for 63 gold pieces
 43079 | Vaults:4 | Bought a potion of agility for 84 gold pieces
 43079 | Vaults:4 | Bought a potion of curing for 63 gold pieces
 43079 | Vaults:4 | Bought a potion of curing for 63 gold pieces
 43654 | Vaults:4 | Reached XP level 22. HP: 139/139 MP: 37/37
 44125 | Vaults:4 | Reached skill level 15 in Fighting
 44894 | Vaults:4 | Got a scintillating silver ring
 44896 | Vaults:4 | Identified the ring "Cocash" {rF+ rN+} (You took it off a vault sentinel on level 4 of the Vaults)
 45454 | Elf:1    | Entered Level 1 of the Elven Halls
 46873 | Elf:2    | Found a runed gate.
 46873 | Elf:2    | Found a runed gate.
 46873 | Elf:2    | Found a runed gate.
 46977 | Elf:2    | Upgraded the game from 0.19-a0-926-g4486784 to 0.19-a0-927-g4785921
 47161 | Elf:2    | Reached skill level 24 in Evocations
 47568 | Elf:2    | Reached XP level 23. HP: 138/146 MP: 35/39
 48068 | Elf:3    | Entered Level 3 of the Elven Halls
 48430 | Elf:3    | Upgraded the game from 0.19-a0-927-g4785921 to 0.19-a0-930-g8502ec1
 49454 | Elf:3    | Got a warped lapis lazuli ring
 49455 | Elf:3    | Identified the ring of Vucibi {*Corrode rC+ Str+5} (You took it off a deep elf demonologist on level 3 of the Elven Halls)
 50068 | Shoals:1 | Entered Level 1 of the Shoals
 50143 | Shoals:1 | Found Qoreeh's Armour Shoppe.
 50292 | Shoals:1 | Reached skill level 25 in Evocations
 50811 | Shoals:2 | Found Tiroemi's Magic Scroll Shop.
 50860 | Shoals:2 | Found Kenirir's Food Shop.
 50865 | Shoals:2 | Bought a scroll of magic mapping for 49 gold pieces
 50865 | Shoals:2 | Bought a scroll of identify for 28 gold pieces
 50865 | Shoals:2 | Bought a scroll of blinking for 105 gold pieces
 50865 | Shoals:2 | Bought a scroll of enchant weapon for 105 gold pieces
 51457 | Shoals:2 | Reached XP level 24. HP: 154/154 MP: 37/39
 52171 | Shoals:4 | Entered Level 4 of the Shoals
 52290 | Shoals:4 | Noticed Ilsuiw
 52401 | Shoals:4 | Killed Ilsuiw
 52649 | Shoals:4 | Got a barnacled rune of Zot
 52713 | Shoals:4 | Found a flickering gateway to a bazaar.
 52798 | Bazaar   | Entered a bazaar
 52798 | Bazaar   | Found Veonil's Weapon Shoppe.
 52798 | Bazaar   | Found Quaw's Gadget Emporium.
 52833 | Bazaar   | Found Kaetoepn's Book Boutique.
 52848 | Bazaar   | Found Ethryla's Distillery.
 52856 | Bazaar   | Bought a potion of curing for 21 gold pieces
 52856 | Bazaar   | Bought a potion of curing for 21 gold pieces
 52856 | Bazaar   | Bought a potion of curing for 21 gold pieces
 52856 | Bazaar   | Bought a potion of curing for 21 gold pieces
 52908 | Bazaar   | Found Zaunn's Food Shoppe.
 53714 | Depths:1 | Entered Level 1 of the Depths
 53785 | Depths:1 | Found a gateway to Hell.
 53817 | Depths:1 | Noticed Mara
 53821 | Depths:1 | Noticed AlphabetPasta's illusion
 53832 | Depths:1 | Killed Mara
 54067 | Depths:1 | Noticed Bai Suzhen
 54135 | Depths:1 | Killed Bai Suzhen
 54666 | Depths:1 | Found Zuicane's Armour Boutique.
 54812 | Depths:1 | Reached skill level 26 in Evocations
 54965 | Depths:2 | Identified a +2 rod of ignition (9/9) (You found it on level 4 of the Shoals)
 55047 | Depths:2 | Reached XP level 25. HP: 140/160 MP: 40/40
 55219 | Depths:2 | Noticed the Enchantress
 55327 | Depths:2 | Killed the Enchantress
 55349 | Depths:2 | Got a faerie dragon armour
 55394 | Depths:2 | Identified the +3 faerie dragon armour {rElec rC+ MR-} (You took it off the Enchantress on level 2 of the Depths)
 55564 | Depths:2 | Identified the +7 dagger of Putrescence {vamp, Fragile Int+7 Dex+10} (You took it off a spriggan rider on level 2 of the Depths)
 56567 | Depths:2 | Noticed Sojobo
 56574 | Depths:2 | Killed Sojobo
 56670 | Depths:2 | Found a bloodstained altar of Trog.
 57916 | Depths:3 | Noticed a caustic shrike
 57960 | Depths:3 | Killed a caustic shrike
 58211 | Depths:3 | Found Inycumish's Gadget Emporium.
 58526 | Depths:3 | Found a runed door.
 58527 | Depths:3 | Noticed a juggernaut
 58587 | Depths:3 | Reached skill level 27 in Evocations
 58625 | Depths:3 | Reached XP level 26. HP: 149/168 MP: 40/40
 58630 | Depths:3 | Killed a juggernaut
 58970 | Depths:3 | Found a one-way gate leading to the halls of Pandemonium.
 59052 | Depths:4 | Reached skill level 1 in Armour
 59227 | Depths:4 | Found a one-way gate to the infinite horrors of the Abyss.
 59571 | Depths:4 | Noticed a juggernaut
 59602 | Depths:4 | Killed a juggernaut
 60367 | Depths:4 | Found a gateway to a ziggurat.
 60583 | Depths:4 | Got a warped hat
 60584 | Depths:4 | Upgraded the game from 0.19-a0-930-g8502ec1 to 0.19-a0-934-gf1df8d1
 60594 | Depths:4 | Identified the -1 hat of Forking Paths {-Tele rF+++ SInv Stlth+} (You acquired it on level 4 of the Depths)
 60896 | Depths:5 | Entered Level 5 of the Depths
 61292 | Depths:5 | Found a gate to the Realm of Zot.
 61341 | Depths:5 | Reached XP level 27. HP: 110/176 MP: 40/40
 62634 | Depths:4 | Upgraded the game from 0.19-a0-934-gf1df8d1 to 0.19-a0-936-gcfeccc4
 62635 | Depths:4 | Voluntarily entered the Abyss.
 62780 | Abyss:2  | Found a corrupted altar of Lugonu.
 63001 | Abyss:2  | Found a hide-covered altar of Uskayaw.
 63156 | Abyss:2  | Found a bloodstained altar of Trog.
 63315 | Abyss:3  | Found a corrupted altar of Lugonu.
 63369 | Abyss:3  | Found a corrupted altar of Lugonu.
 63891 | Abyss:3  | Got an abyssal rune of Zot
 63912 | Depths:4 | Escaped the Abyss
 64114 | Zot:1    | Entered Level 1 of the Realm of Zot
 64846 | Zot:1    | Noticed an orb of fire
 64849 | Zot:1    | Killed an orb of fire
 66755 | Zot:3    | Reached skill level 10 in Shields
 67056 | Zot:3    | Identified the +9 rapier of Esejo {pierce, *Confuse MP+9 Str+6} (You found it on level 3 of the Realm of Zot)
 67212 | Zot:3    | Gained mutation: Your natural rate of healing is unusually fast. [mutagenic glow]
 67834 | Zot:5    | Entered Level 5 of the Realm of Zot
 68406 | Zot:5    | Noticed an orb of fire
 68410 | Zot:5    | Gained mutation: Armour fits poorly on your strangely shaped body. [an orb of fire]
 68414 | Zot:5    | Gained mutation: Your magical capacity is low. (-10% MP) [an orb of fire]
 68421 | Zot:5    | Gained mutation: You are dopey. (Int -2) [an orb of fire]
 68426 | Zot:5    | Gained mutation: You are clumsy. (Dex -2) [an orb of fire]
 68445 | Zot:5    | Noticed an orb of fire
 68450 | Zot:5    | Noticed an ancient lich
 68505 | Zot:5    | Gained mutation: You are very clumsy. (Dex -4) [an orb of fire]
 68506 | Zot:5    | Noticed an orb of fire
 68509 | Zot:5    | Noticed an ancient lich
 68522 | Zot:5    | Slain by an Orb Guardian

Vault maps used:
D:1:      dpeg_arrival_rooms_b, minmay_misc_feat_five
D:2:      johnstein_pakellas_shop, lemuel_round_altar, kennysheep_slug_shrine,
          grunt_qazlal_sundering, marbit_many_paths, elyvilon_altar_1,
          nicolae_overflow_crystal_walls, first_bread, uniq_natasha, uniq_robin
D:3:      nicolae_dithmenos_shadow_blocks, serial_glass, glass_columns_b,
          glass_columns_c, uniq_grinder
D:4:      serial_shops, nicolae_shop_crystal
D:5:      uniq_eustachio, uniq_menkaure, uniq_sigmund
D:6:      vehumet_statue, serial_curves, eino_curves_02, eino_curves_02
D:7:      grunt_temple_overflow_holy_war, kennysheep_mini, basic_altar
D:8:      makhleb_grotto_becter, uniq_joseph, uniq_pikel, uniq_erica
D:9:      serial_shops, shop_coins, hangedman_little_slice_of_home, st_stairs_3,
          nicolae_tso_besieged_by_evil
D:10:     orc_0_dummy, kennysheep_kite_vault
D:11:     minmay_lair_entry_lava, okawaru_ov_weapons_minmay, uniq_psyche,
          uniq_fannar
D:12:     basic_altar, minmay_statues_item
D:14:     erik_vaults_1, serial_bayou_ford_a, uniq_louise
D:15:     gammafunk_depths_entry_grave, nicolae_lava_and_water, serial_shops,
          nicolae_shop_trees, minivault_16
Temple:   compressed_dpeg_triangle_lava_temple
Lair:1:   wad_woods_06
Lair:2:   minmay_lair_oklob_tunnel, minmay_holes, grunt_forest_stairs_basic,
          grunt_megastairs_2
Lair:3:   elwin_shoals_entry_stream, nicolae_spider_entry_orb_guardian,
          lemuel_fruit_fields, uniq_sonja
Lair:4:   st_stairs_13
Lair:5:   minivault_26
Lair:6:   evilmike_catoblepas_cave, slime_altar_2,
          nicolae_volcano_entry_two_sided
Shoals:1: serial_shops, shop, nicolae_shoals_dead_sea_scrolls
Shoals:2: serial_shops, shop, nicolae_shop_crystal
Shoals:3: st_cyclops
Shoals:4: shoals_end_grunt_garden, shoals_ilsuiw_alternative, serial_shops,
          freezing_bzr
Spider:1: hangedman_spider_mandibles
Spider:2: guppyfry_spider_mini_3, nicolae_spider_cling_ruins, uniq_jorgrun,
          uniq_aizul
Spider:3: minivault_29, nicolae_spider_cling_halls
Spider:4: johnstein_spider_rune_arachne_lair, spiders_nest_ghost_moth_duel
Orc:1:    serial_shops, nicolae_shop_window_shopping
Orc:2:    st_orc_ogre_mass, serial_shops, shop, uniq_nessos
Elf:1:    eino_elf_arrival_shootout, evilmike_minifort, minivault_26
Elf:3:    minmay_elf_hall_not_hex, st_stairs_11
Vaults:1: v_misc_32, v_misc_12, ontoclasm_vaults_ring_large,
          grunt_vaults_hallway_short, vaults_room_fours, ontoclasm_vaults_chip,
          dpeg_vaults_monster_box, nicolae_vaults_gold_heap,
          nicolae_vaults_little_ls, uniq_nikola
Vaults:2: ontoclasm_vaults_spin, vaults_room_pool, v_rooms_2,
          ontoclasm_vaults_ring_square, minmay_guarded_unrand_guard_vaults,
          serial_ice_m, hangedman_vaults_trim, hangedman_vaults_pinch,
          vaults_room_fancy_cross, nicolae_vaults_specimen_jars,
          hangedman_vaults_nails, ontoclasm_vaults_chip,
          minmay_crypt_entry_simple_statues
Vaults:3: vaults_mumra_minichess, vaults_room_glass_cross, vaults_dpeg_hooks,
          nicolae_vaults_disjoint_gnomons, nicolae_vaults_circle_grid_b,
          vaults_room_fours, ontoclasm_vaults_idyll,
          nicolae_vaults_back_hallway, ontoclasm_vaults_ring_small,
          vaults_room_grunt_arrival_checkpoint, ontoclasm_vaults_ring_large,
          v_alt_pattern_1, serial_shops, nicolae_shop_waterfront
Vaults:4: st_greater_box_4, nicolae_vaults_network_s, grunt_vaults_trifunnel,
          vaults_room_pools, v_alt_pattern_6, nicolae_vaults_what_the_h,
          nicolae_vaults_ninety_degrees, v_pattern_4, ontoclasm_vaults_gateway,
          serial_shops, shop_coins
Depths:1: hangedman_decor_lopped, hangedman_coc_ice_floe, serial_shops, shop,
          grunt_decor_cap, kennysheep_small_circle, uniq_mara, uniq_bai_suzhen
Depths:2: spriggan_forest, hell_entry, uniq_sojobo
Depths:3: minmay_tri_box, serial_shops, shop_statue, rand_demon_pan_entry_9,
          pf_vacation_house_of_asmodeus, corexii_leaking_fountain,
          minmay_hidden_floor, infiniplex_staircase_spiral_double
Depths:4: hangedman_cross_cluster, enter_ziggurat_e, minmay_staircase_statues,
          abyss_entry_crystal, pan_entry, pf_hell_entry_tar_spiral,
          minivault_16, firewood_loft
Depths:5: grunt_zot_entry_alcove, hell_entry, hangedman_decor_push,
          hangedman_corner_corridor
Zot:1:    grunt_megastairs_1
Zot:2:    lemuel_halls_of_wrath
Abyss:3:  evilmike_abyss_rune_siren_acolytes
Bazaar:   bazaar_jpeg_hexagon
Volcano:  volcano_village

Skill      XL: |  1  2  3  4  5  6  7  8  9 10 11 12 13 14 15 16 17 18 19 20 21 22 23 24 25 26 27 |
---------------+----------------------------------------------------------------------------------+-----
Evocations     | 4 5 6 7 9 10 12 13 14 16 17 19 20 21 22 23 24 25 26 27 | 27.0
Stealth        | 2 3 4 6 7 8 10 11 12 13 14 15 16 17 18 19 20 21 24 | 24.6
Short Blades   | 2 3 4 5 7 8 10 11 12 13 14 15 16 17 18 19 | 19.1
Fighting       | 2 3 4 5 6 7 8 9 10 11 12 13 14 15 16 17 18 19 21 | 21.2
Dodging        | 3 4 5 6 7 8 9 10 11 12 13 14 15 16 17 18 19 20 23 | 23.0
Translocations | 2 4 5 6 |  6.6
Shields        | 3 4 5 7 10 | 10.3
Charms         | 2 3 4 |  4.0
Air Magic      | 3 4 5 6 7 |  7.0
Spellcasting   | 2 4 |  4.1
Armour         | 2 3 |  3.4

Action                   |  1- 3 |  4- 6 |  7- 9 | 10-12 | 13-15 | 16-18 | 19-21 | 22-24 | 25-27 || total
-------------------------+-------+-------+-------+-------+-------+-------+-------+-------+-------++-------
Melee: Short sword       |   113 |   148 |   159 |       |       |       |       |       |       ||   420
       Rapier            |       |       |   163 |   216 |   727 |  2065 |  1688 |   526 |       ||  5385
       Quick blade       |       |       |       |       |       |       |       |  1114 |  3108 ||  4222
 Cast: Blink             |       |       |       |       |       |     2 |     4 |       |       ||     6
       Repel Missiles    |       |       |       |       |       |     1 |     5 |     5 |     7 ||    18
       Apportation       |       |       |       |       |       |       |     1 |     1 |     1 ||     3
Invok: Quick Charge      |       |       |     3 |     2 |     3 |    11 |    10 |     8 |     8 ||    45
       Device Surge      |       |       |       |       |     1 |     1 |     1 |       |       ||     3
       Supercharge       |       |       |       |       |       |       |     1 |       |       ||     1
 Abil: Evoke Flight      |       |       |       |       |       |       |       |     9 |       ||     9
Evoke: Wand              |     9 |    28 |    48 |    15 |    44 |   135 |    86 |    56 |    45 ||   466
       Box of beasts     |       |       |     2 |       |       |       |       |       |       ||     2
       Lamp of fire      |       |       |       |       |       |     1 |     1 |     4 |     5 ||    11
       Rod               |       |       |       |       |       |    33 |    92 |   142 |   154 ||   421
       Phial of floods   |       |       |       |       |       |       |       |     1 |       ||     1
       Phantom mirror    |       |       |       |       |       |       |       |     1 |       ||     1
       Disc of storms    |       |       |       |       |       |       |       |       |     2 ||     2
  Use: Scroll            |     1 |     3 |    13 |     6 |     8 |    20 |     3 |    22 |    28 ||   104
       Potion            |       |     3 |       |     3 |     4 |    13 |     9 |    10 |    11 ||    53
 Stab: Distracted        |     1 |     1 |     1 |     1 |     2 |    23 |    14 |     5 |    17 ||    65
       Sleeping          |       |     3 |    16 |    11 |    28 |    74 |    29 |    57 |    82 ||   300
       Confused          |       |       |     3 |       |       |       |       |       |       ||     3
       Paralysed         |       |       |       |       |    17 |    30 |    30 |     2 |     8 ||    87
       Invisible         |       |       |       |       |       |     3 |       |       |       ||     3
       Held in net/web   |       |       |       |       |       |       |     3 |       |       ||     3
  Eat: Chunk             |    12 |     6 |    13 |    10 |    23 |    60 |    53 |    59 |    67 ||   303
       Royal jelly       |       |       |       |       |       |       |     2 |     3 |     1 ||     6
       Pizza             |       |       |       |       |       |       |       |       |     3 ||     3
Armor: Leather armour    |    14 |    27 |    21 |       |       |       |       |       |       ||    62
       Robe              |       |       |    44 |    18 |    44 |     2 |       |    66 |   103 ||   277
       Steam dragon armo |       |       |       |       |    29 |   149 |   135 |    11 |       ||   324
Dodge: Dodged            |    72 |   113 |   254 |   118 |   412 |  1088 |  1034 |   859 |  1296 ||  5246
       Deflected         |       |       |       |       |       |       |    10 |    22 |    24 ||    56
Block: Buckler           |       |       |       |       |    50 |   404 |   373 |   370 |   593 ||  1790
       Reflection        |       |       |       |       |       |       |       |       |     6 ||     6
